Map: [ESL] Solaris

Players

Maru - Winner!

  • Race: Terran Terran
  • Spawn Location: 1:00

Reynor

  • Race: Zerg Zerg
  • Spawn Location: 7:00

Event: IEM Katowice 2024

VOD

Have the link to the VOD?

Description

Time

  • Played on: Feb. 8, 2024, 3:05 p.m.
  • Length: 25:05

All games in this series

Show
View Real Time Build Order
Export as new Build Order

Maru Terran - Winner!

Build Orders: Command Center First 

Get SALT Encoding   

  12  0:00  SCV  
  13  0:12  SCV  
  14  0:17  Supply Depot  
  14  0:24  SCV  
  15  0:39  SCV  
  16  0:51  SCV  
  17  0:58  Command Center  
  17  1:03  SCV  
  18  1:08  Refinery  
  18  1:15  SCV  
  19  1:20  Barracks  
  19  1:27  SCV  
  20  1:39  SCV  
  21  1:51  SCV  
  22  2:07  Orbital Command, Marine  
  23  2:08  Factory  
  23  2:10  Orbital Command  
  23  2:27  Barracks Reactor  
  23  2:32  Command Center  
  23  2:35  SCV  
  24  2:40  SCV  
  24  2:41  Refinery  
  25  2:47  SCV  
  26  2:52  SCV  
  27  2:59  SCV  
  27  3:04  SCV, Supply Depot  
  29  3:06  Hellion x2  
  29  3:10  Marine  
  29  3:11  SCV  
  35  3:16  SCV  
  36  3:24  SCV  
  37  3:27  Cyclone  
  37  3:28  Cyclone, SCV  
  37  3:30  Engineering Bay  
  37  3:31  Engineering Bay  
  42  3:36  SCV  
  42  3:38  Barracks Tech Lab  
  44  3:41  SCV  
  44  3:47  Bunker, Orbital Command  
  44  3:50  SCV  
  45  4:00  Supply Depot  
  43  4:05  Cyclone  
  43  4:09  Cyclone  
  45  4:11  SCV  
  45  4:13  SCV  
  44  4:17  Marine  
  44  4:23  SCV  
  41  4:29  SCV x2  
  43  4:35  SCV  
  43  4:38  Hellion  
  40  4:41  SCV  
  40  4:42  SCV  
  42  4:50  Terran Infantry Weapons Level 1  
  42  4:51  Terran Infantry Armor Level 1  
  42  4:54  SCV  
  42  4:55  SCV  
  44  5:00  Stimpack, Marine  
  44  5:06  SCV x2  
  47  5:07  SCV  
  47  5:11  Supply Depot  
  48  5:18  SCV  
  53  5:26  SCV x2, Supply Depot  
  51  5:30  Barracks, SCV  
  51  5:32  Barracks, Marine  
  51  5:34  Factory Reactor  
  53  5:38  SCV x2  
  53  5:42  SCV  
  56  5:47  Armory  
  56  5:50  Factory Tech Lab, Marine  
  56  5:54  Bunker x2  
  57  6:02  SCV x2  
  49  6:06  SCV  
  49  6:08  Marine  
  49  6:10  Siege Tank  
  46  6:21  SCV  
  42  6:26  Marine x3  
  42  6:27  SCV  
  34  6:34  SCV  
  31  6:43  SCV, Marine  
  31  6:44  Marine x2  
  31  6:46  Orbital Command, SCV  
  23  7:01  Marine  
  23  7:02  SCV, Marine x2  
  23  7:03  SCV  
  23  7:07  Combat Shield  
  28  7:12  SCV  
  28  7:14  SCV  
  30  7:17  SCV  
  30  7:19  Marine x2  
  30  7:20  Reaper  
  34  7:23  Starport  
  34  7:25  SCV  
  34  7:26  Factory Reactor  
  34  7:27  SCV  
  34  7:29  SCV  
  33  7:37  Marine x2  
  33  7:40  SCV x2  
  33  7:41  SCV  
  38  7:47  Supply Depot  
  38  7:52  Armory, SCV  
  38  7:54  Marine  
  38  7:57  SCV  
  41  8:04  SCV  
  42  8:06  SCV  
  42  8:08  Medivac  
  42  8:09  SCV  
  42  8:10  Medivac  
  48  8:16  SCV  
  48  8:17  Supply Depot  
  48  8:18  SCV, Marine  
  51  8:22  SCV  
  51  8:23  Marine  
  51  8:24  Marine  
  53  8:30  SCV x2  
  55  8:34  SCV  
  55  8:35  Marine  
  55  8:39  Terran Infantry Weapons Level 2  
  57  8:41  Marine  
  57  8:42  Marine  
  57  8:46  Terran Infantry Armor Level 2  
  57  8:47  Supply Depot  
  59  8:50  SCV  
  59  8:53  Marine  
  61  8:56  Orbital Command  
  61  8:58  SCV  
  61  8:59  Marine  
  61  9:01  Barracks, Starport Reactor  
  63  9:04  Supply Depot  
  63  9:07  Siege Tank, Refinery  
  63  9:17  SCV  
  63  9:19  SCV  
  63  9:21  SCV  
  64  9:24  Marine x3  
  64  9:29  SCV  
  64  9:31  SCV  
  69  9:33  SCV  
  69  9:37  Medivac  
  69  9:42  SCV  
  69  9:43  SCV  
  64  9:45  SCV  
  64  9:46  Refinery  
  64  9:47  Marine x3  
  64  9:52  Marine x2  
  68  9:53  Siege Tank  
  68  9:54  SCV  
  68  9:55  SCV  
  68  9:58  SCV  
  74  10:02  Supply Depot x2  
  74  10:06  SCV  
  75  10:07  SCV  
  75  10:08  Marine, Medivac  
  75  10:09  Marine  
  75  10:10  Marine, SCV, Supply Depot  
  82  10:18  SCV  
  83  10:23  Command Center  
  83  10:25  SCV x2  
  85  10:30  Siege Tank, SCV  
  89  10:37  SCV x2  
  89  10:39  Barracks  
  89  10:40  Barracks  
  89  10:42  SCV  
  91  10:46  Medivac x2  
  91  10:49  SCV x2  
  97  10:54  SCV  
  97  10:55  Factory, Supply Depot x2  
  98  10:57  Refinery x2  
  98  11:00  Marine  
  98  11:01  SCV, Marine x3  
  103  11:07  Widow Mine  
  103  11:08  SCV x2  
  103  11:10  Marine  
  108  11:11  Supply Depot  
  108  11:16  Terran Infantry Weapons Level 3  
  108  11:18  Marine  
  109  11:26  Marine x3  
  109  11:28  Barracks Reactor  
  109  11:29  Barracks Reactor  
  109  11:31  Widow Mine  
  114  11:36  Terran Infantry Armor Level 3  
  114  11:38  SCV x3  
  114  11:39  Marine x2  
  118  11:41  Factory Reactor  
  118  11:44  Marine  
  120  11:50  SCV  
  120  11:52  Barracks, Widow Mine  
  120  11:53  Barracks, SCV x2  
  125  11:59  Barracks  
  125  12:00  Terran Vehicle And Ship Armor Level 1  
  125  12:01  Supply Depot  
  125  12:02  SCV  
  125  12:05  SCV  
  125  12:06  Planetary Fortress  
  127  12:08  Marine  
  127  12:09  Marine x3  
  127  12:12  Medivac  
  127  12:13  Widow Mine  
  127  12:14  Medivac  
  137  12:16  Drilling Claws  
  137  12:17  Marine x2  
  137  12:20  SCV  
  140  12:28  SCV  
  140  12:29  SCV  
  142  12:31  Supply Depot  
  142  12:32  Command Center, SCV  
  141  12:38  Marauder  
  141  12:39  Marine  
  141  12:40  Barracks Tech Lab x2, SCV  
  142  12:44  SCV x2  
  142  12:46  Barracks Tech Lab, Supply Depot, Widow Mine x2  
  142  12:50  Marine x2, Medivac x2  
  151  13:00  Marauder x3  
  151  13:01  Refinery  
  151  13:02  Refinery  
  151  13:04  Widow Mine  
  159  13:07  Widow Mine  
  159  13:11  Marauder  
  159  13:12  Concussive Shells  
  163  13:16  Widow Mine  
  163  13:17  SCV  
  160  13:21  Marauder x2  
  160  13:25  Marauder, Widow Mine  
  167  13:27  Ghost Academy  
  167  13:29  Supply Depot, Widow Mine, Medivac  
  167  13:30  Supply Depot  
  171  13:35  Medivac  
  171  13:37  Marauder  
  172  13:44  Marauder, Supply Depot, Marine  
  172  13:47  SCV x3  
  172  13:48  SCV  
  179  13:50  Marine x2  
  179  13:51  Marauder x2  
  179  13:52  Widow Mine x2  
  189  13:57  Marine x2  
  189  13:59  Marauder  
  193  14:06  Marauder  
  193  14:09  Personal Cloaking  
  183  14:11  Planetary Fortress, Ghost  
  183  14:12  Marauder  
  183  14:14  Widow Mine x2, Marine x3  
  183  14:16  Sensor Tower, Marine  
  193  14:17  Marine  
  193  14:20  Marauder  
  193  14:22  Marine x3  
  193  14:27  Marauder  
  192  14:33  Marauder  
  192  14:38  Medivac x2  
  192  14:41  Marauder x2  
  197  14:47  Ghost  
  197  14:49  Widow Mine x2  
  197  14:51  Marine  
  200  15:00  Command Center, Terran Vehicle And Ship Armor Level 2  
  200  15:01  Command Center, Neosteel Armor  
  200  15:05  Missile Turret  
  200  15:15  Missile Turret  
  200  15:30  Ghost  
  200  15:32  Marine  
  198  15:36  Medivac  
  194  15:43  Liberator  
  190  15:50  Barracks  
  190  15:51  Barracks  
  190  15:53  Ghost  
  185  15:57  Ghost  
  185  15:58  Marine x5  
  185  15:59  Ghost, Marine  
  190  16:04  SCV  
  190  16:06  Liberator  
  192  16:12  Marine  
  192  16:14  Marine  
  192  16:16  SCV  
  195  16:22  Sensor Tower, Ghost  
  195  16:25  Widow Mine  
  199  16:27  Unknown  
  197  16:36  Ghost  
  199  16:45  Marine  
  197  16:54  Marine  
  182  17:00  Widow Mine x2  
  151  17:01  Marine x2  
  151  17:03  Marine  
  151  17:05  Barracks Tech Lab, Ghost  
  151  17:06  Barracks Tech Lab  
  151  17:07  SCV x2  
  151  17:08  SCV  
  152  17:12  Marine  
  152  17:13  Liberator x2  
  152  17:15  Barracks Tech Lab  
  157  17:18  SCV  
  157  17:19  SCV, Marine x2  
  157  17:20  SCV  
  157  17:21  Marine  
  161  17:24  Widow Mine  
  161  17:25  Hellion, Widow Mine  
  167  17:32  Ghost x2  
  167  17:33  Marine x2  
  167  17:34  Ghost  
  167  17:37  Marine  
  173  17:42  Barracks  
  173  17:43  Barracks x2  
  174  17:44  Barracks  
  174  17:45  Barracks  
  174  17:46  Widow Mine x3  
  180  17:56  Liberator x2  
  174  18:02  Ghost  
  174  18:04  Ghost x2  
  174  18:05  Ghost  
  171  18:07  Widow Mine  
  152  18:24  Marine x2  
  152  18:25  SCV x2  
  146  18:28  SCV  
  146  18:29  SCV  
  146  18:30  Planetary Fortress  
  146  18:31  Ghost  
  146  18:32  Marine x4  
  146  18:33  Ghost x3, Marine x2  
  164  18:34  Widow Mine x3  
  164  18:37  SCV x2  
  164  18:39  Liberator  
  164  18:41  Marine, SCV x2  
  173  18:42  Marine  
  175  18:49  SCV x2  
  175  18:50  Marine x3  
  175  18:53  SCV x2  
  182  18:56  Marine  
  182  18:58  Marine  
  182  18:59  Ghost  
  182  19:01  SCV  
  182  19:02  Marauder x3, Marine x2  
  193  19:09  Marine x3  
  180  19:23  SCV  
  180  19:24  Marauder x3  
  187  19:29  Marauder  
  185  19:32  Marine x2  
  185  19:37  Marine x4  
  191  19:45  Marauder x3  
  197  19:47  Marine x2  
  197  19:51  Orbital Command  
  199  20:06  Marauder  
  197  20:10  Ghost x2  
  200  20:24  Engineering Bay  
  196  20:32  Ghost, Marine x2  
  196  20:33  Marauder  
  182  20:44  Liberator  
  182  20:45  Liberator, Ghost  
  182  20:46  Marauder, Marine x4  
  182  20:48  Marine x2  
  189  20:50  Marine x2  
  189  20:54  Marauder  
  189  20:55  Missile Turret, SCV x2  
  195  20:57  Command Center  
  195  20:58  Command Center  
  195  21:00  Marine  
  195  21:03  Missile Turret x2, Marine  
  195  21:04  Marine  
  198  21:07  Marine x2  
  198  21:09  Missile Turret  
  199  21:14  Marauder  
  199  21:27  SCV  
  200  21:43  SCV  
  200  21:44  SCV x3  
  195  21:55  Sensor Tower  
  195  21:56  SCV x2  
  149  22:16  Marine, Medivac x2  
  149  22:17  Marine x3, Marauder  
  149  22:18  Marauder x3, Marine x2  
  149  22:19  Widow Mine x2  
  149  22:20  Marine x2, Widow Mine  
  172  22:30  SCV x2  
  172  22:31  SCV x2  
  172  22:34  Marine  
  172  22:35  Marine x2  
  179  22:38  Marauder  
  179  22:39  Marauder x3  
  179  22:40  Planetary Fortress  
  179  22:41  Widow Mine x3  
  179  22:42  SCV, Marine x2  
  191  22:53  Marine x3  
  183  23:00  Marauder  
  183  23:01  Marauder x3  
  161  23:06  Marine x2  
  161  23:07  Marine x3  
  161  23:10  Marine, Widow Mine x2  
  159  23:21  Planetary Fortress, Ghost x3, Marauder  
  159  23:25  Medivac x2  
  168  23:29  SCV x2  
  168  23:30  SCV x2  
  168  23:31  SCV  
  167  23:41  SCV  
  167  23:42  Ghost, SCV x3  
  167  23:43  SCV  
  174  23:50  Ghost x3  
  174  23:51  Marine  
  174  23:52  Marine  
  174  23:54  SCV  
  183  23:55  Medivac x2  
  183  23:58  SCV x4  
  191  24:08  SCV  
  192  24:10  Ghost, SCV x3  
  197  24:18  Command Center  
  197  24:25  Medivac  
  197  24:30  Missile Turret  
  197  24:31  Missile Turret  
  199  24:32  Missile Turret, Marine  
  200  24:44  Command Center  
  200  24:45  Command Center  
  200  24:47  Missile Turret  
Show
View Real Time Build Order
Export as new Build Order

Reynor Zerg 

Build Orders: Pool First 

Get SALT Encoding   

  12  0:00  Drone  
  13  0:12  Overlord  
  13  0:17  Drone  
  14  0:30  Drone x2  
  14  0:34  Drone  
  17  0:44  Extractor  
  17  0:45  Drone  
  17  0:50  Spawning Pool  
  17  0:55  Drone  
  17  1:06  Drone  
  18  1:17  Hatchery  
  17  1:20  Drone  
  18  1:36  Queen  
  18  1:37  Zergling x2  
  21  1:42  Overlord  
  21  1:49  Metabolic Boost  
  21  1:52  Drone  
  22  2:01  Drone  
  23  2:11  Drone  
  23  2:12  Queen  
  26  2:19  Roach Warren  
  25  2:25  Drone  
  25  2:29  Overlord  
  26  2:35  Zergling x2  
  27  2:45  Overlord  
  27  2:59  Roach x5  
  27  3:04  Roach  
  39  3:10  Zergling x2  
  40  3:13  Zergling x2  
  40  3:15  Zergling x4  
  40  3:18  Zergling x2  
  44  3:20  Ravager  
  44  3:22  Zergling x2  
  46  3:28  Overlord  
  46  3:31  Zergling x2  
  46  3:34  Zergling x2  
  48  3:38  Zergling x2  
  49  3:43  Ravager  
  49  3:45  Zergling x4  
  52  3:51  Zergling x4  
  52  3:54  Zergling x2  
  55  3:58  Overlord  
  55  4:08  Zergling x6  
  53  4:13  Zergling x2  
  53  4:14  Zergling x2  
  49  4:22  Roach x2  
  44  4:25  Zergling x2  
  44  4:33  Drone x3  
  44  4:38  Drone  
  42  4:39  Drone  
  39  4:48  Zergling x4  
  39  4:49  Zergling x2  
  39  4:51  Zergling x2  
  43  4:58  Zergling x2  
  44  5:02  Zergling x2  
  45  5:09  Roach  
  45  5:11  Roach x3  
  53  5:15  Overlord  
  53  5:19  Zergling x4  
  55  5:21  Ravager  
  55  5:23  Zergling x2  
  55  5:25  Zergling x2  
  58  5:33  Zergling x2  
  59  5:36  Zergling x2  
  59  5:40  Zergling x4  
  61  5:44  Zergling x8  
  61  5:47  Zergling x2  
  66  5:51  Overlord  
  66  5:59  Zergling x2  
  66  6:02  Zergling x2  
  62  6:06  Zergling x2  
  62  6:07  Ravager  
  62  6:08  Ravager  
  62  6:09  Zergling x6  
  62  6:12  Zergling x2  
  61  6:21  Zergling x6  
  61  6:22  Zergling x2  
  63  6:29  Zergling x2  
  63  6:30  Zergling x2  
  60  6:39  Roach  
  58  6:41  Zergling x2  
  58  6:46  Zergling x12  
  61  6:53  Drone  
  50  6:55  Drone  
  47  7:02  Drone  
  47  7:07  Drone, Evolution Chamber  
  48  7:10  Hatchery  
  48  7:12  Drone  
  48  7:17  Drone  
  44  7:24  Drone  
  44  7:25  Drone x2  
  44  7:27  Drone x2  
  44  7:28  Drone x2  
  45  7:30  Drone  
  45  7:35  Queen  
  48  7:43  Zerg Ground Armor Level 1  
  48  7:46  Queen  
  48  7:49  Drone x2  
  52  7:53  Drone x2  
  52  7:55  Drone  
  55  7:59  Drone  
  55  8:00  Drone  
  55  8:01  Evolution Chamber  
  55  8:05  Drone x2  
  57  8:11  Drone  
  57  8:12  Drone  
  59  8:13  Queen  
  61  8:21  Drone  
  61  8:22  Drone x2, Queen  
  66  8:27  Zerg Melee Weapons Level 1  
  66  8:33  Drone x3  
  69  8:39  Extractor  
  69  8:40  Queen  
  70  8:43  Drone  
  70  8:46  Zergling x8  
  75  8:51  Lair  
  75  8:53  Overlord  
  75  8:54  Zergling x4  
  75  8:55  Zergling x4  
  79  8:57  Zergling x2  
  80  9:05  Extractor  
  80  9:07  Zergling x6  
  80  9:08  Overlord  
  80  9:09  Overlord  
  82  9:13  Zergling x2  
  82  9:14  Queen  
  82  9:15  Hatchery  
  82  9:16  Zergling x2  
  80  9:19  Zergling x4  
  80  9:22  Zergling x6  
  71  9:32  Zergling x2  
  71  9:33  Zergling x4  
  71  9:35  Drone x2  
  71  9:37  Drone  
  71  9:38  Drone  
  73  9:41  Drone x3  
  73  9:43  Drone x2  
  77  9:49  Queen  
  77  9:50  Baneling Nest  
  77  9:51  Queen  
  77  9:52  Drone  
  80  9:54  Queen  
  82  10:04  Overlord  
  82  10:06  Zergling x2  
  82  10:07  Zergling x10  
  86  10:13  Zerg Ground Armor Level 2  
  86  10:14  Zergling x4  
  90  10:15  Drone  
  90  10:17  Spore Crawler  
  90  10:19  Drone  
  93  10:21  Drone x3  
  93  10:24  Zerg Melee Weapons Level 2  
  93  10:26  Zergling x6  
  93  10:27  Drone  
  99  10:28  Drone  
  99  10:31  Zergling x4  
  101  10:41  Drone x3, Hatchery  
  100  10:47  Zergling x4  
  100  10:48  Zergling x4  
  104  10:50  Centrifugal Hooks  
  104  10:55  Zergling x6  
  106  10:58  Overlord  
  106  10:59  Zergling x2  
  106  11:00  Zergling x2  
  108  11:04  Infestation Pit  
  108  11:05  Zergling x2  
  108  11:08  Drone x3  
  111  11:14  Zergling x8  
  111  11:16  Zergling x2, Overlord  
  111  11:17  Zergling x2  
  117  11:23  Roach x2  
  117  11:24  Roach  
  117  11:25  Drone x3  
  126  11:27  Overlord  
  126  11:28  Unknown  
  126  11:31  Baneling x7  
  125  11:33  Zergling x4  
  125  11:39  Zergling x2, Roach x2, Overlord  
  134  11:40  Zergling x4, Overlord  
  134  11:42  Zergling x2  
  134  11:45  Drone  
  134  11:46  Drone, Hive  
  136  11:47  Drone x2  
  136  11:50  Zergling x6  
  136  11:53  Zergling x2  
  142  11:55  Drone  
  142  12:01  Drone x3  
  146  12:03  Zergling x6  
  146  12:05  Ravager x2  
  151  12:09  Zergling x18  
  151  12:11  Overlord  
  151  12:15  Overlord  
  160  12:18  Drone x4  
  160  12:20  Zergling x4, Hatchery  
  160  12:22  Overlord  
  165  12:24  Burrow  
  165  12:25  Hatchery  
  162  12:32  Zergling x10, Roach x2  
  162  12:34  Zergling x8  
  168  12:37  Zergling x2  
  168  12:40  Zergling x4  
  168  12:43  Zergling x2  
  166  12:45  Drone  
  166  12:46  Baneling x5  
  166  12:48  Drone x4  
  166  12:49  Spore Crawler x2  
  169  12:52  Ravager x2  
  169  12:57  Zergling x8, Zerg Ground Armor Level 3  
  174  13:00  Overlord  
  174  13:02  Zergling x10  
  178  13:07  Zerg Melee Weapons Level 3  
  178  13:08  Baneling  
  178  13:09  Baneling, Overlord  
  171  13:20  Zergling x20  
  171  13:25  Adrenal Glands  
  171  13:26  Drone  
  171  13:27  Drone x3  
  181  13:29  Extractor  
  181  13:31  Overlord  
  181  13:32  Zergling x10  
  185  13:36  Zergling x4, Baneling  
  185  13:38  Zergling x10  
  185  13:39  Baneling  
  188  13:43  Drone  
  188  13:46  Drone  
  188  13:47  Ultralisk Cavern  
  189  13:50  Queen  
  189  13:51  Drone x7  
  198  14:01  Baneling x12  
  197  14:03  Zergling x6  
  181  14:10  Overseer  
  181  14:13  Zergling x8  
  181  14:14  Zergling x26  
  181  14:15  Pneumatized Carapace, Overseer  
  197  14:19  Zergling x4  
  197  14:20  Zergling x6  
  194  14:24  Zergling x12  
  194  14:28  Viper  
  191  14:33  Baneling x4  
  191  14:35  Zergling x12  
  197  14:42  Drone x2  
  197  14:44  Viper  
  198  14:48  Zergling x2  
  199  14:54  Extractor  
  199  14:57  Hatchery  
  199  14:59  Baneling x3  
  197  15:00  Baneling x6  
  197  15:06  Extractor  
  196  15:15  Extractor  
  186  15:31  Zergling x34  
  186  15:34  Zergling x2  
  193  15:36  Zergling x20  
  188  15:43  Zergling x20  
  188  15:48  Zergling x16  
  197  15:53  Baneling x15  
  197  15:54  Baneling x2  
  192  16:02  Ultralisk x2  
  199  16:06  Zergling x2  
  198  16:17  Spire  
  197  16:20  Zergling x4  
  199  16:32  Zergling x10  
  200  16:35  Overlord  
  200  16:37  Overlord  
  194  16:47  Ultralisk x3  
  175  16:56  Zergling x32  
  175  16:57  Zergling x20  
  175  17:00  Zergling x2  
  175  17:01  Hatchery  
  181  17:05  Zergling x2, Ultralisk x2  
  181  17:08  Zergling x4  
  187  17:12  Zergling x4  
  186  17:17  Zergling x2, Ultralisk  
  186  17:18  Hatchery  
  186  17:20  Zergling x4  
  186  17:22  Zergling x2  
  191  17:29  Zergling x6  
  193  17:32  Zergling x2  
  193  17:34  Overlord x2  
  193  17:35  Ultralisk  
  193  17:36  Zergling x2  
  196  17:38  Chitinous Plating  
  196  17:39  Hatchery  
  196  17:41  Zergling x8  
  199  17:45  Zergling x2  
  199  17:48  Zerg Flyer Weapons Level 1  
  199  17:52  Zergling x2  
  199  17:55  Zergling x2  
  199  17:57  Zergling x6  
  194  18:00  Zergling x2, Ultralisk  
  194  18:04  Zergling x6  
  197  18:10  Zergling x4, Ultralisk  
  197  18:11  Zergling x8  
  174  18:20  Zergling x14  
  174  18:21  Zergling x4  
  174  18:23  Zergling x6  
  177  18:27  Infestor  
  177  18:31  Queen  
  177  18:32  Zergling x4  
  180  18:35  Corruptor x3  
  180  18:37  Zergling x2  
  180  18:38  Zergling x18  
  196  18:42  Baneling x8  
  196  18:46  Ultralisk x4  
  196  18:48  Hatchery  
  196  18:49  Infestor  
  196  18:50  Zergling x8  
  195  19:01  Zergling x2, Ultralisk  
  195  19:02  Zergling x2  
  180  19:04  Zergling x24  
  180  19:05  Zergling x4  
  180  19:07  Zergling x6  
  180  19:08  Zergling x4  
  180  19:09  Drone  
  168  19:11  Baneling x3  
  164  19:19  Infestor x2  
  164  19:21  Drone x3  
  164  19:22  Spore Crawler  
  169  19:30  Drone x4  
  172  19:31  Zergling x2  
  172  19:32  Zergling x8  
  178  19:42  Infestor x3  
  181  19:47  Zergling x6  
  181  19:48  Zergling x6  
  183  19:54  Drone x5  
  182  20:03  Infestor  
  174  20:09  Zergling x24  
  170  20:25  Corruptor x4  
  168  20:30  Zergling x8  
  168  20:35  Drone x5  
  163  20:46  Zergling x16  
  171  20:59  Hatchery  
  171  21:04  Zergling x14  
  165  21:20  Corruptor  
  165  21:21  Corruptor x3  
  173  21:27  Zergling x20  
  173  21:30  Infestor  
  181  21:33  Infestor x3  
  174  21:46  Hatchery  
  166  21:48  Zergling x18  
  166  21:49  Zergling x16  
  183  21:58  Infestor x2  
  183  21:59  Zergling x4  
  177  22:10  Ultralisk  
  177  22:11  Ultralisk x2  
  177  22:15  Infestor x2  
  142  22:16  Zergling x2  
  142  22:19  Infestor  
  147  22:23  Ultralisk  
  147  22:27  Infestor  
  153  22:31  Zergling x12, Baneling  
  153  22:32  Zergling x4  
  161  22:42  Zergling x20  
  161  22:50  Ultralisk  
  156  22:59  Zergling x16  
  156  23:01  Zergling x2  
  138  23:06  Zergling x6  
  132  23:17  Infestor x2  
  132  23:18  Overseer  
  124  23:20  Zergling x6  
  124  23:24  Zergling x4  
  125  23:28  Infestor  
  123  23:44  Infestor x2  
  123  23:46  Hatchery  
  126  23:51  Zergling x8  
  126  23:52  Zergling x2  
  126  24:10  Ultralisk x2  
  126  24:15  Zergling x10  
  143  24:23  Infestor x2  
  139  24:35  Zergling x4  

Tags
 
Add a new tag
Caveats
  • Supply blocks, unpowered buildings, or Contaminate may cause inaccurate times.
  • Supply counts are checked every 10 seconds.